 Dungeon Crawl Stone Soup version 0.25-a0-1133-g93ebf739aa (webtiles) character file.

Game seed: 5744127919401077812, levelgen mode: deterministic

4684 vurker the Grappler (level 10, -1/86 HPs)
             Began as a Ghoul Warper on May 22, 2020.
             Was a Priest of Makhleb.
             Slain by a basilisk (15 damage)
             ... on level 8 of the Dungeon.
             The game lasted 00:21:35 (13150 turns).

vurker the Grappler (Ghoul Warper)                 Turns: 13150, Time: 00:21:35

Health: -1/86      AC: 14    Str: 19    XL:     10   Next: 44%
Magic:  13/13      EV: 11    Int: 14    God:    Makhleb [***...]
Gold:   423        SH:  5    Dex:  8    Spells: 12/12 levels left

rFire    + . .     SeeInvis .     - Unarmed
rCold    + . .     Gourm    .   (no shield)
rNeg     + + +     Faith    .   H - +2 scale mail {rF+}
rPois    ∞         Spirit   .   l - +1 helmet
rElec    .         Reflect  +   (no cloak)
rCorr    .         Harm     .   (no gloves)
MR       .....                  B - +1 pair of boots
Stlth    ..........             o - amulet of reflection
HPRegen  0.00/turn              q - +6 ring of intelligence
MPRegen  0.13/turn              (no ring)

@: very slightly contaminated, rotting
A: rotting body, claws 1, carnivore, cold resistance 1, negative energy
resistance 3, inhibited regeneration, torment resistance, unbreathing
a: Minor Destruction, Lesser Servant of Makhleb, Renounce Religion


You were on level 8 of the Dungeon.
You worshipped Makhleb.
Makhleb was most pleased with you.
You were not hungry.

You visited 2 branches of the dungeon, and saw 9 of its levels.
You also visited: Sewer.

You collected 423 gold pieces.

Inventory:

Hand Weapons
 b - a +1 dagger of venom
   (You took it off a kobold on level 2 of the Dungeon)
Armour
 h - a +1 ring mail of poison resistance
   (You took it off a goblin on level 2 of the Dungeon)
 l - a +1 helmet (worn)
   (You found it on level 1 of the Dungeon)
 w - a cursed +0 pair of gloves
   (You found it on level 5 of the Dungeon)
 B - a +1 pair of boots (worn)
   (You found it on level 6 of the Dungeon)
 H - a +2 scale mail of fire resistance (worn)
   (You took it off an orc on level 2 of the Dungeon)
Jewellery
 o - an amulet of reflection (around neck)
   (You found it on level 2 of the Dungeon)
 q - a +6 ring of intelligence (left claw)
   (You found it on level 4 of the Dungeon)
Wands
 d - a wand of iceblast (3)
   (You found it on level 5 of the Dungeon)
Scrolls
 f - 3 scrolls of fear {unknown}
 i - a scroll of immolation {unknown}
 k - 3 scrolls of enchant armour
 n - 4 scrolls of remove curse
 r - a scroll of random uselessness {unknown}
 u - a scroll of fog {unknown}
 v - 2 scrolls of noise {unknown}
 x - 2 scrolls of amnesia {unknown}
 y - a scroll of identify
 D - a scroll of teleportation {unknown}
Potions
 a - 6 potions of curing
 g - 2 potions of cancellation
 j - 2 potions of haste
 m - 4 potions of flight
 p - a potion of invisibility {unknown}
 s - a potion of ambrosia {unknown}
 t - a potion of berserk rage {unknown}
 z - 4 potions of heal wounds
 C - a potion of lignification {unknown}
 F - 2 potions of might
 G - a potion of stabbing {unknown}
Comestibles
 e - 17 rations


   Skills:
 + Level 7.4 Fighting
 - Level 0.8 Throwing
 + Level 5.8 Armour
 - Level 5.0 Dodging
 * Level 10.3 Unarmed Combat
 - Level 1.7 Spellcasting
   Level 2.6 Translocations
 + Level 6.0 Invocations


You had 12 spell levels left.
You didn't know any spells.
Your spell library contained the following spells:

 Spells                   Type           Power        Failure   Level  Hunger
 Blink                    Tloc           N/A          34%         2    ###....
 Shroud of Golubria       Chrm/Tloc      #.....       52%         2    ###....
 Magic Dart               Conj           #...         56%         1    ##.....
 Summon Small Mammal      Summ           #...         56%         1    ##.....
 Gell's Gravitas          Tloc           #.........   56%         3    ####...
 Lesser Beckoning         Tloc           #.........   56%         3    ####...
 Teleport Other           Tloc           #.......     56%         3    ####...
 Call Imp                 Summ           #.......     71%         2    ###....
 Slow                     Hex            #.......     71%         2    ###....
 Sticks to Snakes         Tmut           #.......     71%         2    ###....
 Call Canine Familiar     Summ           #.......     90%         3    ####...
 Conjure Flame            Conj/Fire      #.......     90%         3    ####...
 Mephitic Cloud           Conj/Pois/Air  #.......     90%         3    ####...
 Summon Guardian Golem    Hex/Summ       #.......     90%         3    ####...
 Passage of Golubria      Tloc           N/A          92%         4    #####..
 Summon Ice Beast         Ice/Summ       #.......     100%        4    #####..
 Summon Lightning Spire   Summ/Air       #.......     100%        4    #####..
 Beastly Appendage        Tmut           Unusable     N/A         1    N/A
 Spider Form              Tmut/Pois      Unusable     N/A         3    N/A
 Ice Form                 Ice/Tmut       Unusable     N/A         4    N/A
 Blade Hands              Tmut           Unusable     N/A         5    N/A

Dungeon Overview and Level Annotations

Branches:
Dungeon (8/15)             Temple (1/1) D:4            Lair (0/6) D:8
  Sewer (visited)

Altars:
Ashenzari
Cheibriados
Dithmenos
Fedhas
Gozag
Hepliaklqana
Kikubaaqudgha
Makhleb
Nemelex Xobeh
Okawaru
Ru
Sif Muna
Trog
Uskayaw
Wu Jian
Xom
Yredelemnul
Zin
The Shining One

Annotations:
D:5 exclusion: 2 doors


Innate Abilities, Weirdness & Mutations

Your body is rotting away.
You thrive on raw meat.
You are immune to poison.
You have sharp fingernails.
You are carnivorous and can eat meat at any time.
Your flesh is cold resistant. (rC+)
You are immune to negative energy. (rN+++)
You do not regenerate when monsters are visible.
You are immune to unholy pain and torment.
You can survive without breathing.


Message History

Unknown command.
Unknown command.
Unknown command.
You claw the bullfrog! You block the bullfrog's attack.
The yak gores you but does no damage. The porcupine bites you. x2
The yak barely misses you. The yak closely misses you.
The bullfrog closely misses you.
You claw the bullfrog!
The porcupine bites you but does no damage.
The yak gores you.
The porcupine bites you but does no damage.
The bullfrog barely misses you. The yak gores you.
* * * LOW HITPOINT WARNING * * *
You scratch the bullfrog. The yak closely misses you.
The porcupine closely misses you. The bullfrog completely misses you.
The yak closely misses you. The porcupine closely misses you.
You closely miss the bullfrog. The bullfrog hits you.
* * * LOW HITPOINT WARNING * * *
The yak gores you but does no damage. The porcupine bites you.
* * * LOW HITPOINT WARNING * * *
The yak misses you. You block the porcupine's attack. The yak gores you!
* * * LOW HITPOINT WARNING * * *
You claw the bullfrog!
You kill the bullfrog!
Makhleb accepts your kill.
You feel better. The porcupine misses you. The yak closely misses you.
The porcupine bites you but does no damage.
The yak barely misses you. You block the yak's attack.
The basilisk gazes at you. You resist with some effort. The yak gores you.
* * * LOW HITPOINT WARNING * * *
A demon appears!
The porcupine bites you but does no damage.
The porcupine closely misses you.
The basilisk hisses menacingly.
The yak gores you.
* * * LOW HITPOINT WARNING * * *
The yak completely misses you. The porcupine misses you.
You swap places.
The yak closely misses your neqoxec.
Your neqoxec hits the yak! The yak barely misses your neqoxec.
Your neqoxec hits the yak!
Found a puce potion.
Blink to where?
You are very lightly contaminated with residual magic.
As you read the scroll of blinking, it crumbles to dust.
The porcupine bites your neqoxec. The yak gores you but does no damage.
The porcupine bites your neqoxec but does no damage.
Your neqoxec barely misses the yak.
The basilisk bites you!
You die...

.. ##....# ###.#.## ###...
#.... #...#... .......
#.%.. .....##... #.......#
...#.....###....
........## .#.##....
....##
.........##....#........##
#.............##........
#.......................
#.....YYYY@......##.##..
#....r3lr.....##.. ##.
##.#.r.......## #
#§#.......# ##........#
........... #........##.≈
#........# _. #####.....


You could see 4 yaks, a basilisk, 3 porcupines and a friendly neqoxec
(summoned).

Vanquished Creatures
  Maggie (D:6)
  A kobold demonologist (D:7)
  Grinder (D:6)
  A slime creature (D:7)
  2 orc warriors (D:7)
  A sky beast (D:7)
  A black bear (D:8)
  A phantom (D:8)
  3 ice beasts
  A centaur (D:6)
  7 ogres
  4 bullfrogs
  A scorpion (D:7)
  6 killer bees (D:7)
  2 water moccasin skeletons
  10 wights
  A howler monkey (D:7)
  A crimson imp (D:7)
  A gnoll shaman (D:4)
  A centaur zombie (D:5)
  3 orc wizards
  3 orc priests
  A bullfrog skeleton (D:5)
  4 hounds
  2 jellies
  A centaur skeleton (D:6)
  5 iguanas
  6 worker ants
  2 hound skeletons (D:5)
  5 gnolls
  7 river rats
  17 adders
  3 shadow imps
  An ooze (D:2)
  An adder zombie (D:6)
  An adder skeleton (D:4)
  7 worms
  A dart slug (D:1)
  9 leopard geckos
  24 orcs
  5 giant cockroaches
  12 hobgoblins
  4 jackals (D:4)
  2 quokkas
  6 ball pythons
  11 bats
  6 frilled lizards
  5 goblins
  2 jackal skeletons
  A jackal zombie (D:5)
  26 kobolds
  32 rats
262 creatures vanquished.

Vanquished Creatures (others)
  A plant (D:8)
1 creature vanquished.

Grand Total: 263 creatures vanquished

Notes
Turn   | Place    | Note
-------+----------+-------------------------------------------
     0 | D:1      | vurker the Ghoul Warper began the quest for the Orb.
     0 | D:1      | Reached XP level 1. HP: 17/17 MP: 2/2
   222 | D:1      | Reached skill level 1 in Armour
   424 | D:1      | Reached XP level 2. HP: 22/25 MP: 3/3
  1145 | D:1      | Reached XP level 3. HP: 30/30 MP: 4/4
  1169 | D:1      | Reached skill level 3 in Unarmed Combat
  1976 | D:2      | Found an ornate altar of the Wu Jian Council.
  1976 | D:2      | Found a hide-covered altar of Uskayaw.
  2178 | D:2      | Reached XP level 4. HP: 28/37 MP: 5/5
  2867 | D:2      | Noticed a moth of wrath
  2870 | D:2      | Found a bloodstained altar of Trog.
  4475 | D:3      | Reached XP level 5. HP: 44/45 MP: 6/6
  4977 | D:2      | Reached skill level 4 in Unarmed Combat
  5680 | D:4      | Reached XP level 6. HP: 42/51 MP: 7/7
  6208 | D:4      | Reached skill level 5 in Unarmed Combat
  6568 | D:4      | Found a staircase to the Ecumenical Temple.
  6609 | D:4      | Reached XP level 7. HP: 48/59 MP: 8/8
  6615 | Temple   | Entered the Ecumenical Temple
  6682 | Temple   | Became a worshipper of Makhleb the Destroyer
  7443 | D:4      | Reached skill level 1 in Invocations
  7907 | D:5      | Entered Level 5 of the Dungeon
  8079 | D:5      | Reached skill level 6 in Unarmed Combat
  8438 | D:5      | Reached XP level 8. HP: 63/67 MP: 9/9
  8467 | D:5      | Reached * piety under Makhleb
  9485 | D:6      | Noticed Maggie
  9514 | D:6      | Killed Maggie
  9514 | D:6      | Reached skill level 5 in Fighting
  9514 | D:6      | Reached skill level 7 in Unarmed Combat
  9744 | D:6      | Found a sacrificial altar of Ru.
  9812 | D:6      | Found a glowing drain.
  9812 | D:6      | Noticed Grinder
  9831 | D:6      | Paralysed by Grinder for 7 turns
  9844 | D:6      | Paralysed by Grinder for 6 turns
  9851 | D:6      | Killed Grinder
  9851 | D:6      | Reached XP level 9. HP: 69/72 MP: 10/10
  9875 | Sewer    | Entered a sewer
 10090 | Sewer    | Reached ** piety under Makhleb
 10289 | Sewer    | Reached skill level 8 in Unarmed Combat
 11550 | D:7      | Reached skill level 5 in Dodging
 11567 | D:7      | Reached *** piety under Makhleb
 11658 | D:7      | Reached skill level 9 in Unarmed Combat
 11659 | D:7      | Noticed a kobold demonologist
 11661 | D:7      | Noticed an orange demon
 11673 | D:7      | Noticed a soul eater
 11774 | D:7      | Killed a kobold demonologist
 11774 | D:7      | Reached skill level 5 in Armour
 11774 | D:7      | Reached skill level 5 in Invocations
 11904 | D:7      | Reached XP level 10. HP: 82/84 MP: 12/12
 12261 | D:7      | Reached skill level 10 in Unarmed Combat
 12749 | D:8      | Found a staircase to the Lair.
 12774 | D:8      | HP: 3/86 [basilisk (5)]
 13125 | D:8      | Found a shimmering altar of Xom.
 13150 | D:8      | Slain by a basilisk

Illustrated notes

Levels and vault maps discovered:
D:1:      evilmike_arrival_crescent, layout_basic, minmay_3d_cube
D:2:      layout_loops_corners, grunt_temple_overflow_open,
          chequers_decorated_corner, tgw_trog
D:3:      layout_basic, minmay_misc_feat_diagonals, minmay_misc_feat_plants
D:4:      layout_layer_cave, minmay_temple_entry_mist,
          nicolae_ossuary_entry_ruins
D:5:      cheibrodos_two_vegetables, layout_loops_corners, first_ration,
          hangedman_decor_peaks_small
D:6:      minmay_diamond_boxcup, layout_loops_ring, kennysheep_mini,
          portal_sewer_entry_a, serial_bayou_pond_e, uniq_maggie, uniq_grinder
D:7:      kennysheep_big_flooded_room, layout_basic, grunt_ogre_cave
D:8:      layout_cave_pools, xom_redecorated, minmay_lair_entry_grove
Temple:   nicolae_temple_x_marks_the_god

Skill      XL: |  1  2  3  4  5  6  7  8  9 10 |
---------------+-------------------------------+-----
Armour         | 1 2 3 4 5 |  5.8
Dodging        | 2 3 4 5 |  5.0
Unarmed Combat | 3 4 5 6 7 9 10 | 10.3
Fighting       | 3 4 5 6 7 |  7.4
Invocations    | 1 3 5 6 |  6.0
Throwing       | |  0.8
Spellcasting   | |  1.7
Translocations | |  2.6

Action                   |  1- 3 |  4- 6 |  7- 9 | 10-12 || total
-------------------------+-------+-------+-------+-------++-------
Melee: Unarmed           |   149 |   281 |   519 |   142 ||  1091
       Punch             |     1 |     3 |     7 |     5 ||    16
Invok: Minor Destruction |       |       |     1 |       ||     1
       Lesser Servant of |       |       |       |     1 ||     1
Evoke: Wand              |       |       |     3 |       ||     3
  Use: Scroll            |     3 |     3 |     5 |     2 ||    13
  Eat: Chunk             |     8 |    12 |    17 |       ||    37
       Ration            |       |     1 |     1 |     1 ||     3
Armor: Leather armour    |    12 |       |       |       ||    12
       Chain mail        |    57 |   143 |   221 |       ||   421
       Plate armour      |       |       |    30 |       ||    30
       Scale mail        |       |       |    17 |   132 ||   149
Dodge: Dodged            |    50 |    78 |   195 |    86 ||   409
Block: Other             |     1 |    55 |   107 |    44 ||   207
       Reflection        |       |       |     5 |       ||     5

Table legend:
 A = Non-vault XP
 B = Vault XP
 C = Vault XP percentage of total XP
 D = Non-vault monster count
 E = Vault monster count
 F = Vault count percentage of total count
                 A         B        C        D         E       F
            +---------+---------+-------+---------+---------+-------
      Total |    4755 |    1937 |  28.9 |     187 |      75 |  28.6
            +---------+---------+-------+---------+---------+-------
        D:1 |      56 |       3 |   5.1 |      35 |       3 |   7.9
        D:2 |      59 |       9 |  13.2 |      18 |       5 |  21.7
        D:3 |     147 |       0 |   0.0 |      20 |       0 |   0.0
        D:4 |     629 |       0 |   0.0 |      30 |       0 |   0.0
        D:5 |     575 |      40 |   6.5 |      27 |       1 |   3.6
        D:6 |     427 |     958 |  69.2 |       7 |      15 |  68.2
        D:7 |    2435 |     733 |  23.1 |      44 |       3 |   6.4
        D:8 |     413 |       0 |   0.0 |       5 |       0 |   0.0
     Temple |      14 |       0 |   0.0 |       1 |       0 |   0.0
      Sewer |       0 |     194 | 100.0 |       0 |      48 | 100.0
            +---------+---------+-------+---------+---------+-------
